Cogmind - Beta 15 @@@ ROGUE MODE // 2025.08.14 @ 22:39:36 Player: beans Result: Destroyed by S-10 Pest with Light Assault Rifle Performance ------------- Evolutions (2) 1000 Regions Visited (3) 600 Robots Destroyed (22) 110 Value Destroyed (570) 570 Prototype IDs (0) 0 Alien Tech Used (0) 0 Bonus (0) 0 TOTAL SCORE: 2280 Bonus ------- None Cogmind --------- Core Integrity 0/550 Matter 290/300 Energy 94/275 System Corruption 0% Temperature Cool (0) Movement Core (150) Ox2 Location -8/Materials Parts ------- > --- POWER (1) -------- Deuterium Engine > --- PROPULSION (2) --- (None) > --- UTILITY (4) ------ Improved Targeting Computer > --- WEAPON (4) ------- (None) > --- INVENTORY (5) ---- Minigun Peak State ------------ > --- POWER ------------ (None) > --- PROPULSION ------- (None) > --- UTILITY ---------- Heat Sink Improved Targeting Computer Improved Targeting Computer Improved Targeting Computer > --- WEAPON ----------- Shock Rifle Shock Rifle > --- INVENTORY -------- (None) [Rating: 13] Favorites ----------- Power Ion Engine Engine Ion Engine Propulsion Light Treads Treads Light Treads Utility Improved Targeting Computer Device Heat Sink Processor Improved Targeting Computer Protection Light Armor Plating Weapon Small Laser Energy Gun Small Laser Ballistic Cannon Flak Cannon Build | -11 -10 -9 -8 ------- Run | Yrd Mat Mat Mat Slots Evolved 4 | . . 2 2 Power . | . . . . Propulsion . | . . . . Utility 2 | . . 2 . Weapon 2 | . . . 2 Parts Attached 14 | 4 2 4 4 Power 2 | 1 . . 1 Engine 2 | 1 . . 1 Core . | . . . . Reactor . | . . . . Propulsion 2 | 2 . . . Treads 2 | 2 . . . Leg . | . . . . Wheel . | . . . . Hover . | . . . . Flight . | . . . . Utility 5 | . 1 4 . Device 1 | . 1 . . Storage . | . . . . Processor 3 | . . 3 . Hackware . | . . . . Protection 1 | . . 1 . Artifact . | . . . . Weapon 5 | 1 1 . 3 Energy Gun 4 | 1 1 . 2 Energy Cannon . | . . . . Ballistic Gun . | . . . . Ballistic Cannon 1 | . . . 1 Launcher . | . . . . Special Weapon . | . . . . Impact Weapon . | . . . . Slashing Weapon . | . . . . Piercing Weapon . | . . . . Special Melee Weapon . | . . . . Unidentified Prototypes . | . . . . Parts Lost 11 | . . 4 7 Power 1 | . . . 1 Propulsion 2 | . . 2 . Utility 4 | . . 1 3 Weapon 4 | . . 1 3 Highest Loss Streak 7 | . . 2 7 To Critical Strikes . | . . . . Average Backups . | . . . . Power . | . . . . Propulsion . | . . . . Utility . | . . . . Weapon . | . . . . Tool/Special . | . . . . Unused Backups . | . . . . Power . | . . . . Propulsion . | . . . . Utility . | . . . . Weapon . | . . . . Tool/Special . | . . . . Average Slot Usage (%) 67 | . 66 76 43 Engine 10 | . 14 11 6 Treads 16 | . 28 17 . Device 8 | . 4 11 7 Processor 15 | . . 18 24 Protection 1 | . . 2 . Energy Gun 14 | . 19 15 5 Peak Build Rating 13 | 4 6 11 13 Average Rating 7 | 2 4 8 7 On Entrance 4 | . 4 6 9 Naked Turns . | . . . . Heaviest Build 11 | 6 8 11 7 Greatest Support 40 | 40 40 40 3 Greatest Overweight (x) 2 | 1 . 2 2 Average Overweight (x) . | . . . 1 Largest Inventory Capacity 5 | 5 5 5 5 Average Capacity 5 | 5 5 5 5 Most Carried 2 | 2 1 2 2 Average Carried . | . . . . Final Capacity 5 | 5 5 5 5 Final Carried 1 | . . . 1 Class Distribution -------------------- 100% | Mutant Dominant Class ---------------- Mutant | -10/Materials Mutant | -9/Materials Mutant | -8/Materials Resources | -11 -10 -9 -8 ----------- Run | Yrd Mat Mat Mat Matter Collected 336 | 240 20 30 46 Remotely . | . . . . Salvage Created 726 | . 42 619 65 Parts 49 | . 6 37 6 Haulers Intercepted 1 | . . 1 . Recyclers Shooed 3 | . . 3 . Parts Field Recycled . | . . . . Retrieved Matter . | . . . . Parts Self-Destructed . | . . . . Prevented . | . . . . Kills | -11 -10 -9 -8 ------- Run | Yrd Mat Mat Mat Combat Hostiles Destroyed 14 | . 1 10 3 Guns 11 | . 1 10 . Cannons 2 | . . . 2 AOE 1 | . . . 1 Classes Destroyed 7 | . 2 4 1 Worker 4 | . 1 3 . Hauler 1 | . . 1 . Watcher 3 | . . 3 . Swarmer 2 | . . . 2 Grunt 8 | . 1 7 . Brawler 1 | . . 1 . Sentry 3 | . . 2 1 Best Kill Streak 5 | . 1 5 3 Combat Bots Only 3 | . 1 3 3 Max Kills in Single Turn 1 | . 1 1 1 Gunslinging . | . . . . Exploded 1 | . . . 1 Melee . | . . . . Uniques/NPCs Destroyed . | . . . . Combat | -11 -10 -9 -8 -------- Run | Yrd Mat Mat Mat Hostile Shots Fired 218 | . 1 87 130 Missed 70 | . . 33 37 Hits 148 | . 1 54 93 Projectile 148 | . 1 54 93 Critical Strikes 1 | . . 1 . Damage Taken 1634 | . 11 716 907 Core 730 | . 11 169 550 Absorbed by Shields . | . . . . Core Remaining (%) 84 | 100 95 57 . Volleys Fired 89 | . 8 73 8 Largest 2 | . 2 2 2 Hottest 100 | . 80 80 100 Shots Fired 128 | . 14 105 9 Gun 122 | . 14 105 3 Cannon 6 | . . . 6 Launcher . | . . . . Special . | . . . . Kinetic 6 | . . . 6 Thermal 119 | . 14 105 . Explosive . | . . . . Electromagnetic 3 | . . . 3 Robot Hit Streak 46 | . 3 46 4 Robot Miss Streak 6 | . . 3 6 Penetration Max . | . . . . Secondary Targets . | . . . . Shots Hit Robots 79 | . 3 69 7 Core Hits 53 | . 3 35 15 Critical Kills . | . . . . Critical Parts Destroyed . | . . . . Critical Strikes . | . . . . Melee Attacks . | . . . . Impact . | . . . . Slashing . | . . . . Piercing . | . . . . Sneak Attacks . | . . . . Combat Hostiles . | . . . . Follow-up Attacks . | . . . . Damage Inflicted 1198 | . 31 875 292 Guns 851 | . 31 806 14 Cannons 153 | . . . 153 Explosions 184 | . . 69 115 Melee . | . . . . Ramming 10 | . . . 10 Kinetic 153 | . . . 153 Thermal 952 | . 31 806 115 Explosive 69 | . . 69 . Electromagnetic 14 | . . . 14 Impact . | . . . . Slashing . | . . . . Piercing . | . . . . Highest Corruption . | . . . . Average Corruption . | . . . . Corruption Purged . | . . . . Corruption Blocked . | . . . . Overload Shots . | . . . . Overflow Damage . | . . . . Projectiles . | . . . . Explosions . | . . . . Melee . | . . . . Knockbacks 7 | . . . 7 Impact . | . . . . Kinetic 5 | . . . 5 Secondary 2 | . . . 2 Self-Inflicted Damage 104 | . . 63 41 Shots 2 | . . 1 1 Rammed 3 | . . . 3 Targets Rammed 3 | . . . 3 Kicked . | . . . . Crushed . | . . . . Highest Temperature 36 | . 36 16 15 Average Temperature 11 | . 15 9 9 Received Heat Transfer 459 | . 6 354 99 Siege Activations . | . . . . Martial Activations . | . . . . Shielding Activations . | . . . . Robots Disrupted . | . . . . Combat Hostiles . | . . . . Robots Corrupted . | . . . . Combat Hostiles . | . . . . Parts Fried . | . . . . Impact Corruptions . | . . . . Robots Melted . | . . . . Combat Hostiles . | . . . . Parts Melted 1 | . . 1 . Heat Transferred 2050 | . 75 1825 150 Parts Sabotaged . | . . . . Parts Stolen . | . . . . Parts Stripped . | . . . . Power Chain Reactions 1 | . . . 1 Alert | -11 -10 -9 -8 ------- Run | Yrd Mat Mat Mat Maximum Alert Level . | . . . . Low Security (%) 100 | 100 100 100 100 Level 1 . | . . . . Level 2 . | . . . . Level 3 . | . . . . Level 4 . | . . . . Level 5 . | . . . . High Security . | . . . . Max Security . | . . . . Peak Influence 142 | . 30 142 65 Initial 46 | . . . 46 Average 49 | . 3 84 22 Influence Increases 501 | . 35 362 104 Destroy 0b10 Robot/C 280 | . 20 200 60 Destroy 0b10 Robot/NC 40 | . 5 35 . Destroy Leader 78 | . 10 58 10 Disable Machine 60 | . . 60 . Destroy Structure 13 | . . 9 4 Lose Combat Pursuer 30 | . . . 30 Influence Decreases 466 | . 35 250 181 Entered New Map 66 | . . . 66 Time Decay 304 | . 35 210 59 Lost Part 96 | . . 40 56 Squads Dispatched 4 | . 1 1 2 Investigation 2 | . 1 1 . Extermination . | . . . . Reinforcement 2 | . . . 2 Assault . | . . . . Garrison . | . . . . Intercept . | . . . . Searches Triggered . | . . . . Construction Impeded 1 | . . . 1 Haulers Reinforced . | . . . . Active Scanning Responses . | . . . . Cargo Convoy Interrupts . | . . . . Stealth | -11 -10 -9 -8 --------- Run | Yrd Mat Mat Mat Distress Signals 4 | . . 4 . Communications Jammed . | . . . . Distress Signals . | . . . . Times Spotted 33 | . 1 17 15 Peak Tracking Total 12 | . 1 4 12 Tactical Retreats 1 | . . . 1 Traps | -11 -10 -9 -8 ------- Run | Yrd Mat Mat Mat Traps Triggered 2 | . 1 1 . Indirectly . | . . . . Trap Hack Attempts . | . . . . Triggered . | . . . . Disarmed . | . . . . Reprogrammed . | . . . . Reused . | . . . . Traps Extracted . | . . . . Installed . | . . . . Triggered . | . . . . Machines | -11 -10 -9 -8 ---------- Run | Yrd Mat Mat Mat Machines Disabled 4 | . . 4 . Max in Single Turn 4 | . . 4 . Machines Repaired . | . . . . Machines Dismantled . | . . . . Machines Sabotaged . | . . . . Overloaded Fab Kills . | . . . . Hacking | -11 -10 -9 -8 --------- Run | Yrd Mat Mat Mat Machines Accessed . | . . . . Terminals . | . . . . Fabricators . | . . . . Repair Stations . | . . . . Recycling Units . | . . . . Scanalyzers . | . . . . Garrison Access . | . . . . Total Hacks . | . . . . Successful . | . . . . Failed . | . . . . Catastrophic . | . . . . Database Lockouts . | . . . . Manual . | . . . . Terminals . | . . . . Fabricators . | . . . . Repair Stations . | . . . . Recycling Units . | . . . . Scanalyzers . | . . . . Garrison Access . | . . . . Terminal Hacks . | . . . . Fabricator Hacks . | . . . . Repair Station Hacks . | . . . . Recycling Unit Hacks . | . . . . Scanalyzer . | . . . . Garrison Access Hacks . | . . . . Unauthorized Hacks . | . . . . Terminals . | . . . . Fabricators . | . . . . Repair Stations . | . . . . Recycling Units . | . . . . Scanalyzers . | . . . . Garrison Access . | . . . . Data Cores Recovered . | . . . . Used . | . . . . Hacking Detections . | . . . . Full Trace Events . | . . . . Feedback Events . | . . . . Feedback Blocked . | . . . . Robot Schematics Acquired . | . . . . Robots Built . | . . . . Authchips . | . . . . Time . | . . . . Total Robot Build Rating . | . . . . Part Schematics Acquired . | . . . . Parts Built . | . . . . Authchips . | . . . . Time . | . . . . Total Part Build Rating . | . . . . Parts Repaired . | . . . . Time . | . . . . Parts Recycled . | . . . . Recycled Matter . | . . . . Retrieved Matter . | . . . . Retrieved Components . | . . . . Parts Scanalyzed . | . . . . Part Schematics Acquired . | . . . . Parts Damaged . | . . . . Bothacking | -11 -10 -9 -8 ------------ Run | Yrd Mat Mat Mat Used RIF Installer . | . . . . Robots Hacked . | . . . . Non-combat . | . . . . Combat . | . . . . Robot Hacks Applied . | . . . . Relay Couplers Released . | . . . . Fabnet Peak Effective % . | . . . . Robots Rewired . | . . . . Allies Hacked . | . . . . Hacks Repelled . | . . . . Allies | -11 -10 -9 -8 -------- Run | Yrd Mat Mat Mat Total Allies . | . . . . Largest Group . | . . . . Highest-Rated Group . | . . . . Highest-Rated Ally . | . . . . Total Orders . | . . . . Ally Attacks . | . . . . Total Damage . | . . . . Kills . | . . . . Allies Corrupted . | . . . . Allies Melted . | . . . . Intel | -11 -10 -9 -8 ------- Run | Yrd Mat Mat Mat Active Infowar (turns) . | . . . . Robot Analysis Total . | . . . . Derelict Logs Recovered . | . . . . Drone Launches . | . . . . Drone Recoveries . | . . . . Exploration | -11 -10 -9 -8 ------------- Run | Yrd Mat Mat Mat Turns Passed 927 | 58 200 492 177 Spaces Moved 478 | 36 109 193 140 Core 211 | 20 . 51 140 Treads 267 | 16 109 142 . Legs . | . . . . Wheels . | . . . . Hover . | . . . . Flight . | . . . . Fastest Speed 50 | 50 160 150 50 Average Speed 137 | 104 160 157 102 Slowest Speed 160 | 160 160 160 150 Overloaded Moves . | . . . . Propulsion Burnouts . | . . . . Robots Hopped . | . . . . Potential Cave-ins . | . . . . Cave-ins Triggered . | . . . . Exploration Rate (%) 17 | 4 23 24 18 Regions Visited 3 Branch Regions . Pre-discovered Areas . | . . . . Known Exits Taken . | . . . . Unknown Exits Taken 3 | 1 1 1 . Scrap Searched . | . . . . Spaces Dug . | . . . . Terrain Destroyed 12 | . . 9 3 Melee . | . . . . Projectile . | . . . . AOE 12 | . . 9 3 Terrain Rammed . | . . . . Walls Destroyed . | . . . . Machines Disabled . | . . . . Actions | -11 -10 -9 -8 --------- Run | Yrd Mat Mat Mat Total 619 | 57 121 276 165 Wait 22 | 14 1 3 4 Move 475 | 35 108 192 140 Hop . | . . . . Pick Up 15 | 4 2 4 5 Fast Attach . | . . . . Attach 14 | 4 2 4 4 Detach . | . . . . Swap . | . . . . Drop 1 | . . . 1 Fire 89 | . 8 73 8 Melee . | . . . . Ram 3 | . . . 3 Kick . | . . . . Crush . | . . . . Escape Stasis . | . . . . Rewire . | . . . . Trap . | . . . . Miscellaneous . | . . . . Route ------- -11/Scrapyard -10/Materials -9/Materials -8/Materials History --------- Turn | Location | Event 4 | -11/Scrapyard | Discovered new exit (range 15) 59 | -11/Scrapyard | Entered Materials 219 | -10/Materials | Discovered new exit (range 16) 259 | -10/Materials | Entered another Materials area 259 | -9/Materials | Evolved 2 slots: Utility x2 306 | -9/Materials | Build established: Mutant 719 | -9/Materials | Discovered new exit (range 16) 751 | -9/Materials | Entered another Materials area 751 | -8/Materials | Evolved 2 slots: Weapon x2 894 | -8/Materials | Core integrity fell below 50% 911 | -8/Materials | Core integrity fell below 20% 928 | -8/Materials | Destroyed by S-10 Pest with Light Assault Rifle Last Messages --------------- G-47 Trooper knocked back. U-05 Engineer lays Concrete. Imp. Targeting Computer destroyed. U-05 Engineer lays Concrete. Flak Cannon destroyed. U-05 Engineer lays Concrete. Acquired 6 matter. U-05 Engineer lays Concrete. Acquired 30 matter. S-10 Pest destroyed. Slammed into S-10 Pest. Penetrated by Slug. U-05 Engineer destroyed. Slammed into A-02 Transporter. M-28 Smith repairs H-55 Commando. M-13 Machinist repairs S-10 Pest. Slug penetrates S-10 Pest. S-10 Pest destroyed. Acquired Minigun. Acquired Deuterium Engine. Map ----- +----------------------------------------------------+ | ?????????????????????????????????????????????????? | | ?????????????????????????????????????????????????? | | ?????????????????????????????????????????????????? | | ?????????????????????????????????????????????????? | | ?????????????????????????????????????????????????? | | ?????????????????????????????????????????????????? | | ?????????????????????????????????????????????????? | | ?????????????????????????????????????????????????? | | ?????????????????????????????????????????????????? | | ?????????????????????????????????????????????????? | | ?????????????????????????????????????????????????? | | ?????????????????????????????????????????????????? | | ?????????????????????????????????????????????????? | | ?????????????????????????????????????????????????? | | ?????????????????????????????????????????????????? | | ###########??????????????????????????????????????? | | # #?????????? ?????????????????????????? | | # """" #?????? ? ?????????????????????????? | | # ""R" #????? ?? ?????????????????????????? | | # "" " [#???? "?? #????????????????????????? | | # #?? ""?"" #????????????????????????? | | # #?? """"" #####????????????????????? | | # #? """"" # #????????????????????? | | # # """ #=* #????????????????????? | | #######+### #=* #????????????????????? | | ???# #@ #????????????????????? | | ???# ! """ # #????????????????????? | | ???# """"" # #????????????????????? | | ???####/### """"" # s #????????????????????? | | ????# # """"" ##s##########????????????? | | ????# # """ ????????? | | ????# # ????????? | | ????# # r ????????? | | ????# # """ ###+######+######?????????? | | ????# # """"" #?? ?????????????????????? | | ????# # """"" #??""?????????????????????? | | ????# # """"" #??""?????????????????????? | | ##### # """ #???"?????????????????????? | | + # ^ #?????????????????????????? | | ##### # #?????????????????????????? | | ????# # #?????????????????????????? | | ????####### #?????????????????????????? | | ??????????# #?????????????????????????? | | ??????????# #?????????????????????????? | | ########### *% ####??#####???????????????? | | [||| #= #???????????????? | | =|| # #???????????????? | | || # """ #???????????????? | | #############/########%# """ #???????????????? | | #????????# % %! ## # """ ????????????????? | +----------------------------------------------------+ Best States ------------- Heat Dissipation 41 Energy Generation 10 Energy Capacity 250 Matter Stores 300 Matter Capacity 300 Sight Range 16 Terrain Scan Density 10 Armor Coverage 150 Evasion (%) 50 Targeting Accuracy 18 Recoil Reduction 2 Item Schematics ----------------- None Robot Schematics ------------------ None Fabricated ------------ Nothing Repaired ---------- Nothing Alien Tech Used ----------------- None Achievements -------------- None Challenges ------------ None Game ------ Seed MissileCorruptionLauncher Manual? 0 Play Time 00:12:44 Cumulative 89.1 hours Start 2025.08.14 @ 13:07:42 End 2025.08.14 @ 22:39:36 Sessions 3 Manual Loads 0 Difficulty Rogue Special Mode None Game No. 351 Rogue 351 Adventurer 0 Explorer 0 Win Type - Total 0 Types 0/0/0/0/0/0/0/0/0/0 Lore% 37 Gallery% 37 Achievement% 30 Wizard Run 0 Options --------- Layout 2 ASCII 0 Keyboard 0 Movement Mouse Keybinds 0 Fullscreen 2 Font 24/Smallcaps Map View 50x44 Zoom Use 0% Tactical HUD 0 Map Filters NONE Filters NONE Steam 1 RUN: 10db173c-36e8-4ddc-9131-b033a9785228